 Dungeon Crawl Stone Soup version 0.22-a0-283-g1871b15 (webtiles) character file.

132930 varam the Imperceptible (level 16, -5/85 HPs)
             Began as a Spriggan Enchanter on Mar 19, 2018.
             Was an Initiate of Gozag.
             Slain by an alligator (16 damage)
             ... called by a spriggan druid
             ... on level 4 of the Swamp.
             The game lasted 02:51:37 (34106 turns).

varam the Imperceptible (Spriggan Enchanter)       Turns: 34106, Time: 02:51:38

Health: -5/85      AC:  4    Str:  6    XL:     16   Next: 58%
Magic:  2/30       EV: 31    Int: 20    God:    Gozag
Gold:   1537       SH: 11    Dex: 18    Spells: 3/33 levels left

rFire    + + .     SeeInvis +   T - +8 quick blade
rCold    + + .     Gourm    .   O - +1 buckler
rNeg     + + .     Faith    .   e - +2 robe {rN+}
rPois    +         Spirit   .   G - -2 hat of the Alchemist {rElec rPois rF+ rC+ rN+ MR+ rMut rCorr}
rElec    +         Reflect  +   J - +1 cloak
rCorr    +         Harm     .   (gloves unavailable)
rMut     +                      (boots unavailable)
MR       +++..                  p - +3 amulet of reflection
Stlth    +++++++++.             X - ring "Gutorop" {rF+ rC+}
HPRegen  0.24/turn              w - +3 ring of slaying
MPRegen  0.22/turn

@: very slightly contaminated, very quick
A: very small, unfitting armour, see invisible, herbivore, speed 3, slow
metabolism 2
a: Potion Petition, Call Merchant, Bribe Branch, Renounce Religion


You were on level 4 of the Swamp.
You worshipped Gozag.
Gozag was most pleased with you.
You were not hungry.

You visited 5 branches of the dungeon, and saw 28 of its levels.
You also visited: Sewer and Ice Cave.

You collected 10400 gold pieces.
You spent 4119 gold pieces at shops.
You paid 4744 gold pieces to Gozag.

Inventory:

Hand Weapons
 C - the +12 dagger of Boucriqi {flame, Str+7}
   (You found it on level 1 of the Swamp)

   It has been specially enchanted to burn those struck by it, causing extra
   injury to most foes and up to half again as much damage against particularly
   susceptible opponents.
   It affects your strength (+7).
 T - a +8 quick blade (weapon)
Missiles
 M - 4 throwing nets (quivered)
Armour
 e - a +2 robe of positive energy (worn)
 q - a scarf of repulsion
 s - a +2 robe of cold resistance
 z - a +1 hat
 G - the -2 hat of the Alchemist (worn) {rElec rPois rF+ rC+ rN+ MR+ rMut rCorr}
   (You bought it in a shop on level 9 of the Dungeon)

   It protects you from fire.
   It protects you from cold.
   It insulates you from electricity.
   It protects you from poison.
   It protects you from negative energy.
   It affects your resistance to hostile enchantments.
   It protects you from acid and corrosion.
   It protects you from mutation.
 J - a +1 cloak (worn)
 O - a +1 buckler (worn)
Jewellery
 c - an uncursed ring of protection from magic
 p - a +3 amulet of reflection (around neck)
 w - a +3 ring of slaying (right hand)
 D - the ring "Wetodu" {Wiz rF- rC+ Str+4 SInv}
   (You acquired it on level 6 of the Lair of Beasts)

   [ring of wizardry]

   It improves your spell success rate.
   It affects your strength (+4).
   It makes you vulnerable to fire.
   It protects you from cold.
   It lets you see invisible.
 E - an uncursed amulet of magic regeneration
 P - an uncursed amulet of regeneration
 X - the ring "Gutorop" (left hand) {rF+ rC+}
   (You acquired it on level 2 of the Lair of Beasts)

   [ring of protection from fire]

   It protects you from fire.
   It protects you from cold.
Wands
 a - a wand of disintegration (6)
 n - a wand of digging (25)
 x - a wand of iceblast (24)
 B - a wand of acid (25)
 F - a wand of clouds (4)
 K - a wand of paralysis (29)
 R - a wand of scattershot (3)
Scrolls
 b - a scroll of amnesia
 i - 16 scrolls of teleportation
 m - 7 scrolls of fear
 o - 6 scrolls of identify
 y - 8 scrolls of remove curse
 A - 3 scrolls of fog
 H - 2 scrolls of blinking
Potions
 f - 6 potions of agility
 g - 2 potions of flight
 h - 2 potions of magic
 j - 3 potions of invisibility
 k - 4 potions of curing
 l - 4 potions of haste
 r - 6 potions of heal wounds
 u - 2 potions of brilliance
 v - a potion of might
Miscellaneous
 S - a lamp of fire
 V - 2 boxes of beasts
Comestibles
 d - 40 rations


   Skills:
 - Level 10.0 Fighting
 - Level 10.0 Short Blades
 - Level 15.0 Dodging
 * Level 24.6 Stealth
 - Level 4.4 Shields
 - Level 9.0 Spellcasting
 - Level 1.0 Conjurations
 - Level 15.1 Hexes
 - Level 4.3 Translocations
 - Level 1.2 Air Magic
 - Level 1.4 Poison Magic
 - Level 5.2 Evocations


You had 3 spell levels left.
You knew the following spells:

 Your Spells              Type           Power        Failure   Level  Hunger
a - Corona                Hex            ######.      1%          1    None
b - Ensorcelled Hibernat  Hex/Ice        #####.       1%          2    None
c - Confuse               Hex            ######..     1%          3    None
d - Dazzling Spray        Conj/Hex       #####.       1%          3    None
e - Blink                 Tloc           N/A          2%          2    None
f - Invisibility          Hex            ######..     2%          6    ######.
g - Darkness              Hex            ######....   2%          6    ######.
h - Passage of Golubria   Tloc           N/A          16%         4    ###....
i - Mephitic Cloud        Conj/Pois/Air  ##......     16%         3    None


Dungeon Overview and Level Annotations

Branches:
Dungeon (15/15)            Temple (1/1) D:6            Lair (6/6) D:9
  Swamp (4/4) Lair:3       Spider (0/4) Lair:2        Slime (0/5) Lair:5
    Orc (2/2) D:12            Elf (0/3) Orc:2        Vaults (0/5) D:13
 Depths (0/5) D:15

Altars:
Ashenzari
Cheibriados
Dithmenos
Elyvilon
Fedhas
Gozag
Hepliaklqana
Kikubaaqudgha
Makhleb
Nemelex Xobeh
Okawaru
Qazlal
Ru
Sif Muna
Trog
Uskayaw
Vehumet
Wu Jian
Xom
Yredelemnul
Zin
The Shining One
Beogh
Jiyva

Shops:
D:9 [(?   D:15 [   Orc:2 *}?(   Lair:2 %:

Portals:
Pandemonium: Orc:2

Annotations:
D:3 grom234's ghost, amateur TrMo
Lair:6 exclusion: oklob plant, Rupert


Innate Abilities, Weirdness & Mutations

You are very small and have problems with some larger weapons.
You are too small for most types of armour.
You have supernaturally acute eyesight. (SInv)
You are a herbivore.
You cover ground extremely quickly.
You need to consume almost no food.


Message History

The swamp worm is lightly wounded.
You puncture the swamp worm!
The swamp worm is moderately wounded.
The swamp worm completely misses you.
You puncture the swamp worm!
The swamp worm is heavily wounded.
You block the spriggan rider's attack.
You hit the swamp worm.
The swamp worm is severely wounded.
You block the swamp worm's attack.
You closely miss the swamp worm.
The swamp worm is severely wounded.
You barely miss the swamp worm.
The swamp worm is severely wounded.
The alligator seems less confused.
The spriggan rider hits you from afar with a spear!!
* * * LOW HITPOINT WARNING * * *
The alligator bites you!
You die...
Your body crumbles into a pile of gold.

≈≈.♣♣ ♣≈≈≈≈≈♣ ♣♣♣♣ ♣♣♣♣♣♣♣
♣♣♣♣.≈≈.♣♣ ♣♣≈.≈≈.≈
♣.....$.♣♣ ♣♣.≈≈≈..♣
♣♣.≈≈≈≈...♣ ♣.≈≈≈≈..♣
♣♣≈≈≈≈≈....♣
§≈≈.≈≈≈.♣♣♣.§≈≈≈.^.$≈♣
♣.≈≈≈.♣♣.≈≈....≈≈≈≈♣
♣♣≈≈t≈w♣♣≈≈≈w≈≈≈≈≈≈.♣♣♣
♣.≈≈≈≈@.♣♣..≈≈≈§≈≈≈≈≈≈♣
♣≈.≈≈≈..tiww..≈≈≈≈≈≈...♣
♣≈≈≈≈≈..(tw§..≈≈≈≈≈≈..≈≈
..≈≈≈≈≈§≈≈≈≈.≈.≈≈.≈≈≈≈≈≈
♣.≈≈≈≈≈≈≈≈≈≈......§≈≈≈≈.
♣♣.≈≈≈≈≈≈≈≈≈≈≈≈≈$....≈..
≈≈≈≈
♣♣♣♣.≈≈≈≈≈≈≈≈≈≈≈≈..≈♣≈♣≈≈
≈≈≈≈
♣♣≈♣♣♣♣♣.≈≈≈≈≈≈i≈≈≈..♣♣♣♣≈≈
.≈≈≈ ♣≈§.♣ ♣♣.≈≈.≈≈.≈≈≈≈.♣
♣≈.≈


You could see 3 alligators, a spriggan rider, a spriggan druid and 4 swamp
worms.

Vanquished Creatures
  A thorn hunter (Swamp:2)
  A very ugly thing (Swamp:4)
  Nessos (D:13)
  The ghost of Arum the Nimble, a journeyman GnWn of Makhleb (D:12)
  A yaktaur captain (D:15)
  Josephine (D:10)
  The ghost of Fingolfin the Basher, a journeyman MiBe of Trog (D:9)
  Harold (Lair:2)
  A rakshasa (D:13)
  10 hydras
  An anaconda (Lair:6)
  2 ghost crabs
  An ogre mage (D:15)
  3 centaur warriors
  4 alligators
  9 two-headed ogres
  Erica (D:9)
  3 tengu warriors
  4 orc high priests (Orc:2)
  4 death yaks (Lair:6)
  Urug (D:13)
  Sonja (Lair:1)
  A gelid demonspawn (Orc:2)
  A torturous demonspawn (Orc:2)
  4 swamp dragons
  2 shambling mangroves (Swamp:1)
  2 spriggan druids (Swamp:4)
  A deep elf mage (D:15)
  7 orc knights
  A necromancer (IceCv)
  An orb spider (Lair:2)
  3 wolf spiders
  10 ugly things
  10 orc sorcerers
  7 slime creatures (D:14)
  3 elephants (Lair:2)
  6 cyclopes
  8 black mambas
  2 smoke demons (Orc:2)
  A guardian serpent (Lair:6)
  17 spiny frogs
  A rust devil (Orc:2)
  2 centaur skeletons
  4 gargoyles
  4 rime drakes
  A yaktaur (D:15)
  An efreet (D:15)
  A hellwing (Orc:2)
  8 ice devils
  9 komodo dragons
  8 trolls
  16 hornets
  6 tyrant leeches
  12 polar bears
  4 raiju (Lair:6)
  21 blink frogs
  7 bog bodies
  Grinder (D:4)
  13 hippogriffs
  Sigmund (D:5)
  5 alligator zombies (Swamp:4)
  2 shadows
  5 wraiths
  8 spriggans
  15 wyverns
  4 basilisks
  15 humans (D:13)
  53 yaks
  4 hungry ghosts
  31 vampire mosquitoes
  Edmund (D:4)
  9 wargs
  8 swamp worms
  16 water moccasins
  A soldier ant (D:14)
  32 orc warriors
  8 porcupines
  5 swamp drakes
  13 hell hounds (Lair:6)
  13 black bears
  10 ice beasts
  2 sky beasts
  3 eyes of draining
  A necrophage (D:11)
  11 ogres
  16 wolves
  3 boggarts (D:15)
  4 centaurs
  12 crocodiles
  Blork the orc (D:5)
  2 big kobolds
  17 bullfrogs
  2 gnoll sergeants
  A wyvern zombie (D:10)
  5 scorpions
  3 killer bees (D:9)
  2 vampire bats (D:4)
  5 wights (D:10)
  An electric eel (D:11)
  10 howler monkeys
  5 crimson imps
  7 centaur zombies
  4 bullfrog zombies
  24 orc priests
  A draconian simulacrum (IceCv)
  9 hounds
  9 jellies
  21 orc wizards
  2 bullfrog skeletons
  7 iguanas
  A spriggan simulacrum (IceCv)
  Terence (D:2)
  12 worker ants
  3 troll simulacra (IceCv)
  3 centaur simulacra (IceCv)
  2 hound skeletons (D:7)
  3 worker ant zombies
  Robin (D:4)
  10 gnolls
  A naga simulacrum (IceCv)
  13 adders
  An ogre simulacrum (IceCv)
  4 shadow imps
  2 adder skeletons
  2 worms
  2 dart slugs (D:1)
  12 leopard geckos
  97 orcs
  4 ball pythons
  11 giant cockroaches
  20 goblins
  19 hobgoblins
  11 jackals
  3 quokkas
  14 bats
  9 frilled lizards
  A giant cockroach zombie (D:6)
  A jackal skeleton (D:6)
  10 kobolds
  A leopard gecko skeleton (D:5)
  8 rats
  3 fungi (Lair:6)
993 creatures vanquished.

Vanquished Creatures (others)
  An alligator (Swamp:4)
  An orc priest (Orc:2)
  An iguana (Lair:3)
  2 bushes (D:9)
  11 fungi
  32 plants
48 creatures vanquished.

Grand Total: 1041 creatures vanquished

Notes
Turn   | Place    | Note
-------+----------+-------------------------------------------
     0 | D:1      | varam the Spriggan Enchanter began the quest for the Orb.
     0 | D:1      | Reached XP level 1. HP: 9/9 MP: 5/5
   478 | D:1      | Reached XP level 2. HP: 9/13 MP: 3/6
   625 | D:1      | Reached skill level 2 in Short Blades
   857 | D:1      | Reached skill level 5 in Stealth
   911 | D:1      | Learned a level 2 spell: Ensorcelled Hibernation
  1373 | D:2      | Noticed Terence
  1375 | D:2      | Killed Terence
  1375 | D:2      | Reached skill level 3 in Short Blades
  1375 | D:2      | Reached XP level 3. HP: 16/16 MP: 8/8
  1737 | D:3      | Noticed grom234's ghost (amateur TrMo)
  1807 | D:3      | Learned a level 3 spell: Confuse
  1833 | D:3      | Reached XP level 4. HP: 18/21 MP: 6/9
  1908 | D:2      | Reached skill level 6 in Stealth
  2041 | D:2      | Reached skill level 4 in Short Blades
  2701 | D:4      | Reached XP level 5. HP: 24/24 MP: 3/10
  2763 | D:4      | Noticed an ogre
  2765 | D:4      | Noticed Grinder
  2788 | D:4      | HP: 1/24 [ogre/giant club (23)]
  3188 | D:4      | Killed Grinder
  3188 | D:4      | Reached skill level 5 in Short Blades
  3188 | D:4      | Reached skill level 7 in Stealth
  3188 | D:4      | Reached XP level 6. HP: 28/28 MP: 2/11
  3344 | D:4      | Noticed Edmund
  3361 | D:4      | Killed Edmund
  3361 | D:4      | Reached skill level 8 in Stealth
  3415 | D:4      | Reached skill level 6 in Short Blades
  3443 | D:4      | Noticed Robin
  3558 | D:4      | Reached XP level 7. HP: 32/32 MP: 5/12
  3912 | D:4      | Reached skill level 3 in Spellcasting
  3912 | D:4      | Reached skill level 4 in Hexes
  3974 | D:4      | Found the +4 Vampire's Tooth {vamp}
  4229 | D:4      | Killed Robin
  4264 | D:4      | Reached skill level 5 in Hexes
  4360 | D:4      | Reached skill level 4 in Spellcasting
  4380 | D:5      | Entered Level 5 of the Dungeon
  4391 | D:5      | Reached skill level 6 in Hexes
  4493 | D:5      | Noticed Blork the orc
  4497 | D:5      | Killed Blork the orc
  4497 | D:5      | Reached skill level 7 in Hexes
  4497 | D:5      | Reached XP level 8. HP: 36/36 MP: 15/15
  4715 | D:5      | Noticed Sigmund
  4729 | D:5      | Killed Sigmund
  4729 | D:5      | Reached skill level 8 in Hexes
  4967 | D:5      | Reached skill level 1 in Fighting
  5008 | D:6      | Found a staircase to the Ecumenical Temple.
  5015 | D:6      | Reached skill level 4 in Dodging
  5023 | D:6      | Reached skill level 2 in Fighting
  5023 | D:6      | Reached skill level 5 in Dodging
  5036 | Temple   | Entered the Ecumenical Temple
  5520 | D:6      | Got a sheer robe
  5525 | D:6      | Reached skill level 6 in Dodging
  5527 | D:6      | Reached skill level 3 in Fighting
  5560 | D:6      | Reached XP level 9. HP: 44/44 MP: 9/16
  5594 | D:6      | Found a glowing drain.
  5606 | Sewer    | Entered a sewer
  5855 | Sewer    | Reached skill level 7 in Dodging
  5973 | D:6      | Found a hide-covered altar of Uskayaw.
  5973 | D:6      | Found a deep blue altar of Sif Muna.
  6085 | D:6      | Identified the +1 robe of the Storm King {Str+2} (You found it on level 6 of the Dungeon)
  6384 | D:7      | Reached skill level 8 in Dodging
  6390 | D:7      | Found a shattered altar of Ashenzari.
  6617 | D:7      | Found an ancient bone altar of Kikubaaqudgha.
  6752 | D:7      | Found an opulent altar of Gozag.
  6766 | D:7      | Became a worshipper of Gozag Ym Sagoz the Greedy
  6886 | D:7      | Reached skill level 9 in Dodging
  7026 | D:7      | Found a shimmering altar of Xom.
  7238 | D:7      | Reached skill level 10 in Dodging
  7381 | D:8      | Reached skill level 9 in Stealth
  7447 | D:8      | Reached skill level 10 in Stealth
  7926 | D:8      | Reached skill level 7 in Short Blades
  7926 | D:8      | Reached skill level 11 in Stealth
  7926 | D:8      | Reached XP level 10. HP: 49/49 MP: 0/17
  8298 | D:8      | Found a basalt altar of Yredelemnul.
  8358 | D:8      | Found a glowing golden altar of the Shining One.
  8360 | D:8      | Noticed an angel
  8716 | D:9      | Learned a level 3 spell: Dazzling Spray
  8719 | D:9      | Learned a level 2 spell: Blink
  8741 | D:9      | Found a staircase to the Lair.
  8747 | D:9      | Reached skill level 12 in Stealth
  8768 | D:9      | Reached skill level 1 in Translocations
  8892 | D:9      | Noticed Fingolfin's ghost (journeyman MiBe)
  8913 | D:9      | Reached skill level 2 in Translocations
  8944 | D:9      | Reached skill level 3 in Translocations
  9041 | D:9      | Noticed Erica
  9044 | D:9      | Killed Erica
  9044 | D:9      | Reached skill level 8 in Short Blades
  9044 | D:9      | Reached skill level 13 in Stealth
  9044 | D:9      | Reached skill level 4 in Translocations
  9287 | D:9      | Reached skill level 4 in Fighting
  9299 | D:9      | Killed Fingolfin's ghost
  9299 | D:9      | Reached skill level 5 in Spellcasting
  9607 | D:9      | Reached skill level 6 in Spellcasting
  9607 | D:9      | Reached XP level 11. HP: 46/54 MP: 7/21
  9907 | D:10     | Entered Level 10 of the Dungeon
  9907 | D:10     | Noticed a two-headed ogre
  9924 | D:10     | Killed a two-headed ogre
  9924 | D:10     | Reached skill level 5 in Fighting
 10174 | D:10     | Reached skill level 6 in Fighting
 10226 | D:10     | Reached skill level 9 in Hexes
 10392 | D:10     | Noticed Josephine
 10467 | D:10     | Killed Josephine
 10467 | D:10     | Reached skill level 10 in Hexes
 10687 | D:10     | Reached skill level 9 in Short Blades
 11137 | D:11     | Noticed a green ugly thing
 11146 | D:11     | Killed a green ugly thing
 11222 | D:11     | Reached skill level 10 in Short Blades
 11590 | D:11     | Noticed a green ugly thing
 11602 | D:11     | Killed a green ugly thing
 11602 | D:11     | Reached skill level 11 in Dodging
 11740 | D:11     | Reached skill level 14 in Stealth
 12378 | D:12     | Found a staircase to the Orcish Mines.
 12462 | D:11     | Reached XP level 12. HP: 48/61 MP: 22/22
 12554 | D:12     | Reached skill level 12 in Dodging
 12554 | D:12     | Reached skill level 1 in Shields
 12842 | D:12     | Reached skill level 2 in Shields
 12851 | D:12     | Reached skill level 15 in Stealth
 12941 | D:12     | Noticed a two-headed ogre
 12958 | D:12     | Killed a two-headed ogre
 13100 | D:12     | Noticed Arum's ghost (journeyman GnWn)
 13291 | D:11     | Reached skill level 3 in Shields
 13300 | D:12     | Reached skill level 13 in Dodging
 13468 | D:12     | Killed Arum's ghost
 13607 | D:12     | Noticed a seven-headed hydra
 13625 | D:12     | Killed a seven-headed hydra
 13625 | D:12     | Reached skill level 4 in Shields
 13658 | D:12     | Noticed a two-headed ogre
 13683 | D:12     | Killed a two-headed ogre
 13701 | D:12     | Reached skill level 14 in Dodging
 13933 | Lair:1   | Entered Level 1 of the Lair of Beasts
 14145 | Lair:1   | Noticed a four-headed hydra
 14149 | Lair:1   | Reached skill level 15 in Dodging
 14152 | Lair:1   | Killed a four-headed hydra
 14299 | Lair:1   | Reached XP level 13. HP: 65/65 MP: 23/23
 14302 | Lair:1   | Noticed Sonja
 14327 | Lair:1   | Killed Sonja
 14837 | Lair:2   | Found a hole to the Spider Nest.
 14933 | Lair:2   | Reached skill level 7 in Fighting
 15012 | Lair:2   | Found a frozen archway.
 15013 | Lair:2   | Noticed Harold
 15065 | Lair:2   | Killed Harold
 15086 | IceCv    | Entered an ice cave
 16050 | IceCv    | Found the +10 Black Knight's horse barding {ponderous, rPois rN+}
 16057 | IceCv    | Reached skill level 16 in Stealth
 16430 | Lair:2   | Reached skill level 8 in Fighting
 16752 | Lair:2   | Identified 4 scrolls of acquirement
 16880 | Lair:2   | Got a translucent bone ring
 16882 | Lair:2   | Identified the ring "Gutorop" {rF+ rC+} (You acquired it on level 2 of the Lair of Beasts)
 16883 | Lair:2   | Identified the Catalogue of Frigorific Stones (You acquired it on level 2 of the Lair of Beasts)
 16885 | Lair:2   | Identified Weded's Reference Book on Attacks (You acquired it on level 2 of the Lair of Beasts)
 17107 | Lair:2   | Bought a book of Enchantments for 500 gold pieces
 17107 | Lair:2   | Bought a book of Burglary for 750 gold pieces
 17114 | Lair:2   | Learned a level 6 spell: Invisibility
 17538 | Lair:3   | Found a staircase to the Swamp.
 18523 | Lair:4   | Reached skill level 11 in Hexes
 18557 | Lair:4   | Reached skill level 9 in Fighting
 19490 | Lair:5   | Reached skill level 17 in Stealth
 19941 | Lair:5   | Found a staircase to the Slime Pits.
 19942 | Lair:5   | Found a viscous altar of Jiyva.
 20185 | Lair:6   | Entered Level 6 of the Lair of Beasts
 20268 | Lair:6   | Learned a level 6 spell: Darkness
 20317 | Lair:6   | Reached XP level 14. HP: 64/75 MP: 16/24
 20592 | Lair:6   | Reached skill level 10 in Fighting
 20954 | Lair:6   | Noticed Rupert
 21006 | Lair:6   | Reached skill level 12 in Hexes
 21164 | Lair:6   | Reached skill level 7 in Spellcasting
 21168 | Lair:6   | HP: 4/77 [guardian serpent/bolt of poison (28)]
 21391 | Lair:6   | Got a brightly glowing steel ring
 21394 | Lair:6   | Identified the ring "Wetodu" {Wiz rF- rC+ Str+4 SInv} (You acquired it on level 6 of the Lair of Beasts)
 21552 | Lair:6   | Reached skill level 18 in Stealth
 22154 | Lair:6   | Reached skill level 8 in Spellcasting
 22981 | Lair:6   | Reached skill level 13 in Hexes
 23480 | D:9      | Learned a level 4 spell: Passage of Golubria
 23574 | Orc:1    | Entered Level 1 of the Orcish Mines
 23614 | Orc:1    | Reached skill level 9 in Spellcasting
 23677 | Orc:1    | Found a roughly hewn altar of Beogh.
 23803 | Orc:1    | Reached skill level 1 in Evocations
 23948 | Orc:2    | Entered Level 2 of the Orcish Mines
 24021 | Orc:2    | Found a staircase to the Elven Halls.
 24058 | Orc:2    | Reached skill level 19 in Stealth
 24463 | Orc:1    | Reached skill level 2 in Evocations
 24897 | Orc:2    | Found Umuist's General Store.
 24898 | Orc:2    | Found Elyuggeh's Magic Scroll Shop.
 25086 | Orc:2    | Reached XP level 15. HP: 67/80 MP: 11/29
 25186 | Orc:2    | Reached skill level 3 in Evocations
 25227 | Orc:2    | Bought a book of the Warp for 1170 gold pieces
 25227 | Orc:2    | Bought a potion of heal wounds for 65 gold pieces
 25227 | Orc:2    | Bought a potion of heal wounds for 65 gold pieces
 25229 | Orc:2    | Bought a scroll of enchant weapon for 112 gold pieces
 25230 | Orc:2    | Bought a scroll of identify for 30 gold pieces
 25231 | Orc:2    | Bought a scroll of identify for 30 gold pieces
 25666 | Orc:2    | Reached skill level 4 in Evocations
 25698 | Orc:2    | Reached skill level 20 in Stealth
 26303 | Orc:2    | Reached skill level 5 in Evocations
 26313 | Orc:2    | Found Panwoimn's Antique Weapon Shoppe.
 26313 | Orc:2    | Found Reicap's Gadget Emporium.
 26314 | Orc:2    | Found a one-way gate leading to the halls of Pandemonium.
 26326 | Orc:2    | Bought a wand of disintegration (14) for 252 gold pieces
 26326 | Orc:2    | Bought a box of beasts for 280 gold pieces
 26627 | D:13     | Found a gate to the Vaults.
 26633 | D:13     | Noticed Nessos
 26676 | D:13     | Noticed Urug
 26723 | D:13     | Killed Urug
 26735 | D:13     | Killed Nessos
 26735 | D:13     | Reached skill level 14 in Hexes
 26817 | D:13     | Found a shadowy altar of Dithmenos.
 27498 | D:14     | Reached skill level 21 in Stealth
 28544 | D:15     | Entered Level 15 of the Dungeon
 28629 | D:15     | Found Tezxam's Armour Shoppe.
 28637 | D:15     | Bought a +1 hat for 110 gold pieces
 28746 | D:15     | Found a white marble altar of Elyvilon.
 29054 | D:15     | Found a blossoming altar of Fedhas.
 29078 | D:15     | Reached skill level 22 in Stealth
 29468 | D:15     | Found a staircase to the Depths.
 29471 | D:15     | Reached skill level 15 in Hexes
 29548 | D:15     | Learned a level 3 spell: Mephitic Cloud
 29790 | Swamp:1  | Entered Level 1 of the Swamp
 29798 | Swamp:1  | Reached XP level 16. HP: 85/85 MP: 26/30
 30024 | Swamp:1  | Got a shimmering dagger
 30025 | Swamp:1  | Identified the +12 dagger of Boucriqi {flame, Str+7} (You found it on level 1 of the Swamp)
 30231 | Swamp:1  | Reached skill level 1 in Poison Magic
 30350 | Swamp:1  | Reached skill level 1 in Air Magic
 30412 | Swamp:1  | Reached skill level 1 in Conjurations
 31090 | D:9      | Bought the -2 hat of the Alchemist {rElec rPois rF+ rC+ rN+ MR+ rMut rCorr} for 755 gold pieces
 31090 | D:9      | Found the -2 hat of the Alchemist {rElec rPois rF+ rC+ rN+ MR+ rMut rCorr}
 31202 | Swamp:2  | Noticed a thorn hunter
 31219 | Swamp:2  | Killed a thorn hunter
 31685 | Swamp:2  | Reached skill level 23 in Stealth
 32576 | Swamp:4  | Entered Level 4 of the Swamp
 32912 | Swamp:4  | Reached skill level 24 in Stealth
 34106 | Swamp:4  | Slain by an alligator

Vault maps used:
D:1:      shiori_arrival_elements, kennysheep_decorative_pillar
D:2:      first_ration, uniq_terence
D:3:      kennysheep_generic_room_15
D:4:      minmay_guarded_unrand_vampires_tooth, uniq_grinder, uniq_edmund,
          uniq_robin
D:5:      kennysheep_generic_room_8, uniq_sigmund, uniq_blork_the_orc
D:6:      gammafunk_temple_overflow_pools, minmay_temple_entry_large_hall,
          cheibrodos_sewer_entry_bend, amethyst_killhole, minmay_misc_feat_tower
D:7:      lemuel_coloured_pillars_altar,
          nicolae_gozag_cash_rules_everything_around_me, basic_altar,
          serial_park_tiny_pond, nrook_uturn, grunt_ogre_cave,
          nicolae_ashenzari_panopticon
D:8:      grunt_temple_overflow_holy_war
D:9:      minmay_lair_entry_grove, uniq_erica
D:10:     uniq_josephine
D:11:     kennysheep_crisscross, evilmike_minifort
D:12:     kennysheep_spiral_hall, orc_0_dummy, minivault_26
D:13:     david_vaults_3, nicolae_wwwww,
          hangedman_abyss_or_decor_jellyfish_corner,
          nicolae_dithmenos_through_a_glass_darkly
D:14:     grunt_decor_mini_mirrors
D:15:     grunt_enter_depths_snipers, serial_shops, shop, fedhas_altar_1,
          elyvilon_altar_3, uniq_urug
Temple:   nicolae_temple_elliptical
Lair:1:   lemuel_fruit_fields, serial_bayou_shore_b, uniq_sonja
Lair:2:   nicolae_spider_entry_orb_guardian, portal_ice_cave_entry_ice_beasts,
          grunt_megastairs_2, lemuel_fruit_tree, uniq_harold
Lair:3:   minmay_swamp_entry_reptiles
Lair:4:   serial_forest, infiniplex_forest_fountain,
          infiniplex_forest_lined_4_way, infiniplex_forest_clump_curved,
          infiniplex_forest_lined_4_way, infiniplex_forest_clump_C,
          infiniplex_forest_clump_diagonal, infiniplex_forest_end_3,
          infiniplex_forest_clump_medium, serial_bayou_pond_e
Lair:5:   slime_altar_1, cheibrodos_lair_lostbears
Lair:6:   hangedman_lair_tendril_chambers, hangedman_lair_caniforms_friends,
          dpeg_oklob_1, uniq_rupert
Swamp:1:  hangedman_swamp_cone
Swamp:2:  evilmike_swamp_ruin_rubble_1
Swamp:3:  evilmike_swamp_ruin_house_5, infiniplex_staircase_pool
Swamp:4:  swamp_pestilence
Orc:1:    cheibrodos_orc_bank, basic_altar
Orc:2:    pf_orc_diabolical
Sewer:    sewer_frog_island_01
IceCv:    ice_cave_tombish

Skill      XL: |  1  2  3  4  5  6  7  8  9 10 11 12 13 14 15 16 |
---------------+-------------------------------------------------+-----
Short Blades   | 3 4 5 6 7 8 10 | 10.0
Stealth        | 5 6 7 8 11 13 14 15 17 19 22 24 | 24.6
Spellcasting   | 4 6 9 |  9.0
Hexes          | 7 8 10 11 13 15 | 15.1
Fighting       | 3 4 6 9 10 | 10.0
Dodging        | 6 10 11 15 | 15.0
Translocations | 4 |  4.3
Shields        | 4 |  4.4
Evocations     | 2 5 |  5.2
Poison Magic   | 1 |  1.4
Air Magic      | 1 |  1.2
Conjurations   | 1 |  1.0

Action                   |  1- 3 |  4- 6 |  7- 9 | 10-12 | 13-15 | 16-18 || total
-------------------------+-------+-------+-------+-------+-------+-------++-------
Melee: Dagger            |   111 |   286 |   582 |   965 |   342 |   256 ||  2542
       Quick blade       |       |       |       |       |  1400 |   135 ||  1535
 Cast: Corona            |    21 |    17 |    39 |    46 |    33 |     6 ||   162
       Ensorcelled Hiber |       |    21 |    39 |    91 |   140 |     2 ||   293
       Confuse           |       |    12 |    42 |    92 |   216 |    43 ||   405
       Blink             |       |       |       |    19 |     7 |     2 ||    28
       Dazzling Spray    |       |       |       |    16 |    91 |    33 ||   140
       Invisibility      |       |       |       |       |     5 |     2 ||     7
       Darkness          |       |       |       |       |     3 |     1 ||     4
       Passage of Golubr |       |       |       |       |       |     1 ||     1
Invok: Call Merchant     |       |       |       |       |     2 |     3 ||     5
Evoke: Wand              |       |       |       |       |    10 |    18 ||    28
       Lamp of fire      |       |       |       |       |       |     1 ||     1
  Use: Scroll            |     1 |     2 |     1 |    12 |    24 |     4 ||    44
       Potion            |       |       |       |     2 |     5 |       ||     7
 Stab: Sleeping          |    12 |    11 |    49 |    72 |   138 |     9 ||   291
       Distracted        |     1 |     2 |       |    14 |    16 |     8 ||    41
       Confused          |       |     6 |    18 |    61 |   131 |    16 ||   232
       Invisible         |       |       |       |     6 |    60 |    12 ||    78
       Paralysed         |       |       |       |       |     1 |       ||     1
  Eat: Ration            |       |     3 |     6 |     7 |    12 |     3 ||    31
Armor: Robe              |    25 |    20 |    47 |    31 |    25 |    12 ||   160
Dodge: Dodged            |   125 |   143 |   480 |   554 |   790 |   304 ||  2396
Block: Buckler           |       |       |       |     6 |   304 |   135 ||   445
       Reflection        |       |       |       |       |     1 |       ||     1

Table legend:
 A = Spawn XP
 B = Non-spawn XP
 C = Spawn XP percentage of total XP
 D = Spawn monster count
 E = Non-spawn monster count
 F = Spawn count percentage of total count
 G = Total turns spent on level
                    A         B        C        D         E        F      G
               +---------+---------+-------+---------+---------+-------+---------
         Total |       0 |  189900 |   0.0 |       0 |     991 |   0.0 | 34106
               +---------+---------+-------+---------+---------+-------+---------
           D:1 |       0 |      33 |   0.0 |       0 |      18 |   0.0 |  1315
           D:2 |       0 |     130 |   0.0 |       0 |      27 |   0.0 |   874
           D:3 |       0 |      62 |   0.0 |       0 |      22 |   0.0 |  1018
           D:4 |       0 |     918 |   0.0 |       0 |      34 |   0.0 |  1218
           D:5 |       0 |     893 |   0.0 |       0 |      21 |   0.0 |   576
           D:6 |       0 |     936 |   0.0 |       0 |      29 |   0.0 |   842
           D:7 |       0 |    1158 |   0.0 |       0 |      26 |   0.0 |  1135
           D:8 |       0 |    1627 |   0.0 |       0 |      28 |   0.0 |  1159
           D:9 |       0 |    5229 |   0.0 |       0 |      48 |   0.0 |  1505
          D:10 |       0 |    6086 |   0.0 |       0 |      54 |   0.0 |  1327
          D:11 |       0 |    5458 |   0.0 |       0 |      44 |   0.0 |  1492
          D:12 |       0 |   11240 |   0.0 |       0 |      45 |   0.0 |  1349
          D:13 |       0 |    9877 |   0.0 |       0 |      30 |   0.0 |   846
          D:14 |       0 |   10404 |   0.0 |       0 |      28 |   0.0 |  1253
          D:15 |       0 |   13807 |   0.0 |       0 |      35 |   0.0 |  1051
        Lair:1 |       0 |    6153 |   0.0 |       0 |      21 |   0.0 |  1046
        Lair:2 |       0 |    7159 |   0.0 |       0 |      26 |   0.0 |  1165
        Lair:3 |       0 |    2880 |   0.0 |       0 |      11 |   0.0 |  1101
        Lair:4 |       0 |    6885 |   0.0 |       0 |      27 |   0.0 |  1043
        Lair:5 |       0 |    3017 |   0.0 |       0 |      12 |   0.0 |   897
        Lair:6 |       0 |   31765 |   0.0 |       0 |     125 |   0.0 |  3141
       Swamp:1 |       0 |    8390 |   0.0 |       0 |      27 |   0.0 |  1057
       Swamp:2 |       0 |    7171 |   0.0 |       0 |      11 |   0.0 |   883
       Swamp:3 |       0 |    8623 |   0.0 |       0 |      20 |   0.0 |   741
       Swamp:4 |       0 |   13388 |   0.0 |       0 |      44 |   0.0 |  1506
         Orc:1 |       0 |    4538 |   0.0 |       0 |      45 |   0.0 |   883
         Orc:2 |       0 |   18941 |   0.0 |       0 |      97 |   0.0 |  1996
         Sewer |       0 |     241 |   0.0 |       0 |      19 |   0.0 |   262
         IceCv |       0 |    2891 |   0.0 |       0 |      17 |   0.0 |  1175
               +---------+---------+-------+---------+---------+-------+---------
